 Dungeon Crawl Stone Soup version 0.27-a0-1144-g0b7d3b79db (webtiles) character file.

Game seed: 8564546608298938048

40 Azzok the Magician (level 3, -2/25 HPs)
             Began as a Djinni Earth Elementalist on May 10, 2021.
             Slain by a sky beast (6 damage)
             ... on level 2 of the Dungeon.
             The game lasted 00:01:07 (1334 turns).

Azzok the Magician (Djinni Earth Elementalist)      Turns: 1334, Time: 00:01:07

Health: -2/25      AC:  3    Str:  7    XL:     3   Next: 50%
Gold:   34         EV: 12    Int: 17    God:
                   SH:  0    Dex: 13

rFire    + + .     SeeInvis .   (no weapon)
rCold    x . .     Faith    .   (no shield)
rNeg     . . .     Spirit   .   c - +0 robe
rPois    ∞         Reflect  .   (no helmet)
rElec    .         Harm     .   k - +0 cloak
rCorr    .         Rampage  .   (no gloves)
Will     .....                  (boots unavailable)
Stlth    ++........             (no amulet)
HPRegen  0.08/turn              (no ring)
MPRegen  0.00/turn              (no ring)

@: flying
A: sickness immunity, fire resistance 2, cold vulnerability 1, float, innate
caster, hp casting, extra vitality 1
a: no special abilities


You were on level 2 of the Dungeon.
You visited 1 branch of the dungeon, and saw 2 of its levels.

You collected 34 gold pieces.

Inventory:

Missiles
 b - 54 stones
Armour
 c - a +0 robe (worn)
 k - a +0 cloak (worn)
Scrolls
 a - a scroll of amnesia {unknown}
 d - a scroll of teleportation {unknown}
 f - a scroll of enchant weapon {unknown}
 g - a scroll of fear {unknown}
 i - a scroll of vulnerability {unknown}
Potions
 e - a potion of ambrosia {unknown}
 h - a potion of invisibility {unknown}
 j - 2 potions of resistance {unknown}


   Skills:
 - Level 2.1 Dodging
 - Level 1.5 Stealth
 + Level 3.8 Spellcasting


You couldn't memorise any spells.
You knew the following spells:

 Your Spells              Type           Power      Damage    Failure   Level
a - Sandblast             Erth           32%        2d9       3%          1
b - Passwall              Tmut/Erth      13%        N/A       4%          2
c - Stone Arrow           Conj/Erth      32%        3d9       10%         3
d - Petrify               Tmut/Erth      16%        N/A       32%         4
e - Lee's Rapid Deconstr  Erth           8%         3d8*      65%         5
f - Summon Small Mammal   Summ           64%        N/A       3%          1
Your spell library was empty.

Dungeon Overview and Level Annotations

Branches:
Dungeon (2/15)

Altars:


Innate Abilities, Weirdness & Mutations

You are immune to sickness and miasma.
You are immune to poison.
Your flesh is very heat resistant. (rF++)
You are vulnerable to cold. (rC-)
You float through the air rather than walking.
You learn spells naturally, not from books.
Your magical power is your life essence.
You have superior vitality. (+4 HP)


Message History

Press: ? - help, Shift-Dir - straight line, f - sky beast
Aim: a sky beast (asleep, 100% to hit)
The blast of sand hits the sky beast.
The sky beast is lightly wounded.
Casting: Sandblast (safe; 3% risk of failure)
Confirm with . or Enter, or press ? or * to list all spells.
Aiming: Sandblast (safe; 3% risk of failure)
Press: ? - help, Shift-Dir - straight line, f/p - sky beast
Aim: a sky beast (lightly wounded, 71% to hit)
The blast of sand hits the sky beast.
The sky beast is moderately wounded.
Casting: Sandblast (safe; 3% risk of failure)
Confirm with . or Enter, or press ? or * to list all spells.
Aiming: Sandblast (safe; 3% risk of failure)
Press: ? - help, Shift-Dir - straight line, f/p - sky beast
Aim: a sky beast (moderately wounded, 71% to hit)
The blast of sand hits the sky beast!
The sky beast is heavily wounded.
The sky beast hits you. The sky beast shocks you.
Casting: Sandblast (safe; 3% risk of failure)
Confirm with . or Enter, or press ? or * to list all spells.
Aiming: Sandblast (safe; 3% risk of failure)
Press: ? - help, Shift-Dir - straight line, f/p - sky beast
Aim: a sky beast (heavily wounded, 71% to hit)
The blast of sand hits the sky beast.
The sky beast is severely wounded.
The sky beast hits you. The sky beast shocks you.
* * * LOW HITPOINT WARNING * * *
Casting: Sandblast (safe; 3% risk of failure)
Confirm with . or Enter, or press ? or * to list all spells.
Aiming: Sandblast (safe; 3% risk of failure)
Press: ? - help, Shift-Dir - straight line, f/p - sky beast
Aim: a sky beast (severely wounded, 71% to hit)
The blast of sand hits the sky beast!
The sky beast is almost dead.
* * * LOW HITPOINT WARNING * * *
The sky beast hits you.
* * * LOW HITPOINT WARNING * * *
The sky beast shocks you.
You die...

··▒▒▒·▒▒▒▒▒▒▒▒(▒
···········▒
···▒▒▒▒▒▒··▒
············▒
·····▒▒▒▒···▒▒▒
·▒▒╬▒·▒ ▒·····▒
)▒ ▒·····▒
▒·▒▒▒▒▒▒▒▒▒▒▒
▒····@Y·····▒
▒▒▒▒▒▒▒▒▒▒▒·▒


You could see a sky beast.

Vanquished Creatures
  2 adders (D:2)
  A dart slug (D:1)
  A bat (D:1)
  2 endoplasms (D:2)
  A hobgoblin (D:1)
  A jackal (D:2)
  A kobold (D:1)
  2 ball pythons
  10 frilled lizards (D:1)
  A goblin (D:1)
  2 rats
24 creatures vanquished.

Notes
Turn   | Place    | Note
-------+----------+-------------------------------------------
     0 | D:1      | Azzok the Djinni Earth Elementalist began the quest for the
                  | Orb.
     0 | D:1      | Reached XP level 1. HP: 15/15 MP: 0/0
    65 | D:1      | Found a faded altar of an unknown god.
   183 | D:1      | Reached skill level 3 in Spellcasting
   295 | D:1      | Reached XP level 2. HP: 20/21 MP: 0/0
  1097 | D:2      | Reached XP level 3. HP: 16/25 MP: 0/0
  1097 | D:2      | Learned a level 1 spell: Summon Small Mammal
  1325 | D:2      | Noticed a sky beast
  1334 | D:2      | Slain by a sky beast

Illustrated notes

Levels and vault maps discovered:
D:1:      amcnicky_arrival_choice, layout_rooms, basic_ecumenical_altar,
          minmay_lizard_pond
D:2:      layout_basic, minmay_tripent

Skill      XL: |  1 |
---------------+----+-----
Spellcasting   | 3 |  3.8
Dodging        | |  2.1
Stealth        | |  1.5

Action                   || total
-------------------------++-------
Melee: Unarmed           ||     7
 Cast: Sandblast         ||    40
Armor: Robe              ||     3
Dodge: Dodged            ||    17

Table legend: (Time is in decaauts)
 A = Elapsed time spent in this place.
 B = Non-inter-level travel time spent in this place.
 C = Inter-level travel time spent in this place.
 D = Time resting spent in this place.
 E = Time spent auto-exploring this place.
 F = Levels seen in this place.
 G = Mean time per level.
                   A        B        C        D        E       F      G
               +--------+--------+--------+--------+--------+-----+--------+
         Total |   1333 |   1315 |     18 |    235 |    939 |   2 |  666.5 |
       Dungeon |   1333 |   1315 |     18 |    235 |    939 |   2 |  666.5 |
               +--------+--------+--------+--------+--------+-----+--------+

Top non-repeatable levels by time:
     D:1: 775 daAuts
     D:2: 558 daAuts
